General information
- name: BNet
- type: Ladder team game (AT/RT)
- host: Battle.net
- saver: DOGSANDHORSE.RU
map: GoldRush
- players: 8
- length: 62:48
- speed: Fast
- version: 1.24 W3XP
- replay type:

» download(624 KB)
Players
team 1 (winner)
DOGSANDHORSE.RU (
yellow | 114 APM | 7167 actions | 62:48)
9 Blademaster
3 Wind Walk
3 Critical Strike
1 Bladestorm
2 Mirror Image
» actions
| Assign group hotkey | 23 | |
| Basic commands | 11 | |
| Build / train | 160 | |
| Enter build submenu | 100 | |
| Enter hero's abilities submenu | 9 | |
| Give item / drop item | 3 | |
| Remove unit from queue | 27 | |
| Right click | 4627 | |
| Select / deselect | 641 | |
| Select group hotkey | 1220 | |
| Use ability | 344 | |
7167 total
» units
| Peon | 32 | |
| Troll Batrider | 37 | |
| Wind Rider | -6 | |
63 total
» upgrades
| Ranged Weapons | 3 | |
| Reinforced Defenses | 1 | |
| Liquid Fire | 1 | |
| Troll Regeneration | 1 | |
| Armor | 3 | |
| Envenomed Spears | 1 | |
10 total
» buildings
| Altar of Storms | 1 | |
| Orc Burrow | 7 | |
| War Mill | 1 | |
| Voodoo Lounge | 3 | |
| Watch Tower | 67 | |
| Stronghold | 1 | |
| Great Hall | 7 | |
| Beastiary | 3 | |
| Fortress | 2 | |
| Barracks | 1 | |
93 total
» build order
00:12 Altar of Storms
00:20 Orc Burrow
00:56 War Mill
01:21 Voodoo Lounge
02:15 Watch Tower
02:17 Watch Tower
02:56 Stronghold
03:20 Watch Tower
03:29 Watch Tower
03:53 Orc Burrow
04:37 Watch Tower
04:41 Watch Tower
05:20 Great Hall
05:29 Watch Tower
05:56 Watch Tower
06:20 Watch Tower
06:25 Watch Tower
07:34 Watch Tower
07:36 Beastiary
07:40 Beastiary
07:47 Watch Tower
08:06 Watch Tower
08:33 Orc Burrow
08:59 Watch Tower
09:32 Watch Tower
09:34 Watch Tower
10:16 Fortress
10:16 Fortress
10:20 Watch Tower
11:22 Watch Tower
11:34 Watch Tower
11:36 Watch Tower
12:38 Watch Tower
13:32 Watch Tower
13:41 Watch Tower
14:48 Watch Tower
14:51 Watch Tower
16:19 Watch Tower
16:23 Watch Tower
17:25 Watch Tower
18:30 Great Hall
19:22 Watch Tower
19:23 Watch Tower
20:16 Watch Tower
21:46 Barracks
25:50 Watch Tower
25:51 Watch Tower
25:53 Watch Tower
26:36 Great Hall
26:54 Watch Tower
26:55 Watch Tower
28:15 Great Hall
28:17 Watch Tower
28:19 Watch Tower
29:28 Watch Tower
29:28 Watch Tower
31:35 Voodoo Lounge
31:49 Great Hall
36:04 Great Hall
36:08 Watch Tower
36:08 Watch Tower
36:09 Watch Tower
36:32 Watch Tower
36:32 Watch Tower
36:33 Watch Tower
36:33 Watch Tower
37:12 Watch Tower
37:35 Great Hall
37:37 Watch Tower
37:38 Watch Tower
37:38 Watch Tower
37:38 Watch Tower
38:19 Watch Tower
38:19 Watch Tower
38:20 Watch Tower
38:20 Watch Tower
40:31 Watch Tower
40:32 Watch Tower
41:16 Watch Tower
41:17 Watch Tower
42:38 Watch Tower
42:39 Watch Tower
42:40 Watch Tower
48:37 Watch Tower
48:38 Watch Tower
48:39 Watch Tower
48:40 Watch Tower
51:13 Voodoo Lounge
55:58 Orc Burrow
56:03 Orc Burrow
56:07 Orc Burrow
57:53 Beastiary
59:13 Orc Burrow
» items
| Healing Salve | 8 | |
| Lesser Clarity Potion | 20 | |
| Boots of Speed | 1 | |
| Staff of Teleportation | 1 | |
| Orb of Lightning | 1 | |
| Dust of Appearance | 3 | |
| Scroll of Town Portal | 2 | |
| Scroll of Healing | 1 | |
37 total
MyLiege_Cyrus (
blue | 122 APM | 7649 actions | 62:47)
8 Blademaster
3 Wind Walk
3 Critical Strike
1 Bladestorm
1 Mirror Image
7 Shadow Hunter
3 Hex
2 Healing Wave
1 Big Bad Voodoo
1 Serpent Ward
» actions
| Assign group hotkey | 1154 | |
| Basic commands | 51 | |
| Build / train | 208 | |
| ESC pressed | 1 | |
| Enter build submenu | 91 | |
| Enter hero's abilities submenu | 16 | |
| Give item / drop item | 11 | |
| Remove unit from queue | 19 | |
| Right click | 4152 | |
| Select / deselect | 492 | |
| Select group hotkey | 1100 | |
| Use ability | 352 | |
7649 total
» units
| Peon | 54 | |
| Troll Batrider | 36 | |
| Kodo Beast | 2 | |
| Shaman | 6 | |
| Troll Witch Doctor | 6 | |
| Spirit Walker | 2 | |
| Tauren | 7 | |
113 total
» upgrades
| Liquid Fire | 1 | |
| Backpack | 0 | |
| Reinforced Defenses | 1 | |
| Ranged Weapons | 3 | |
| Armor | 3 | |
| Shaman Training | 2 | |
| Pulverize | 1 | |
| Witch Doctor Training | 2 | |
| Spirit Walker Training | 2 | |
| War Drums Damage Increase | 1 | |
| Melee Weapons | 3 | |
19 total
» buildings
| Altar of Storms | 1 | |
| Orc Burrow | 9 | |
| Voodoo Lounge | 3 | |
| War Mill | 1 | |
| Great Hall | 7 | |
| Watch Tower | 68 | |
| Stronghold | 3 | |
| Fortress | 3 | |
| Beastiary | 2 | |
| Spirit Lodge | 2 | |
| Tauren Totem | 2 | |
101 total
» build order
00:06 Altar of Storms
00:08 Orc Burrow
01:36 Voodoo Lounge
02:31 War Mill
03:12 Great Hall
03:38 Orc Burrow
03:48 Watch Tower
04:08 Watch Tower
04:47 Stronghold
04:47 Stronghold
05:57 Watch Tower
06:05 Watch Tower
06:21 Watch Tower
07:33 Watch Tower
07:34 Watch Tower
07:35 Fortress
07:35 Fortress
07:35 Fortress
08:05 Beastiary
08:20 Watch Tower
08:50 Watch Tower
09:20 Watch Tower
09:22 Watch Tower
10:04 Orc Burrow
10:04 Orc Burrow
10:09 Watch Tower
11:06 Great Hall
11:14 Orc Burrow
11:19 Great Hall
11:45 Watch Tower
11:46 Watch Tower
12:29 Watch Tower
12:30 Watch Tower
13:05 Watch Tower
14:04 Watch Tower
14:05 Watch Tower
14:17 Voodoo Lounge
14:27 Watch Tower
14:38 Voodoo Lounge
14:53 Watch Tower
15:26 Watch Tower
15:34 Watch Tower
16:07 Watch Tower
16:29 Watch Tower
16:54 Watch Tower
16:56 Watch Tower
16:57 Orc Burrow
17:02 Watch Tower
17:15 Orc Burrow
18:09 Watch Tower
18:10 Watch Tower
18:11 Watch Tower
18:17 Watch Tower
18:18 Watch Tower
18:54 Watch Tower
21:13 Watch Tower
22:33 Beastiary
22:55 Watch Tower
22:56 Watch Tower
24:18 Great Hall
25:02 Watch Tower
33:43 Great Hall
36:24 Watch Tower
36:26 Watch Tower
36:27 Watch Tower
36:28 Orc Burrow
36:30 Watch Tower
37:36 Watch Tower
38:23 Great Hall
38:44 Watch Tower
38:45 Watch Tower
40:02 Watch Tower
40:05 Watch Tower
40:24 Orc Burrow
41:27 Watch Tower
41:28 Watch Tower
41:30 Watch Tower
42:38 Watch Tower
43:56 Watch Tower
43:57 Watch Tower
44:54 Watch Tower
44:55 Watch Tower
44:56 Watch Tower
44:57 Watch Tower
44:58 Watch Tower
44:58 Watch Tower
45:04 Great Hall
45:59 Spirit Lodge
46:03 Tauren Totem
46:05 Spirit Lodge
46:42 Tauren Totem
47:00 Watch Tower
47:01 Watch Tower
47:02 Watch Tower
47:03 Watch Tower
47:03 Watch Tower
47:03 Watch Tower
47:04 Watch Tower
47:05 Watch Tower
47:06 Watch Tower
» items
| Healing Salve | 5 | |
| Lesser Clarity Potion | 5 | |
| Boots of Speed | 2 | |
| Staff of Teleportation | 2 | |
| Orb of Lightning | 5 | |
| Potion of Healing | 1 | |
| Dust of Appearance | 1 | |
21 total
NUTSONYOCHIN.de (
purple | 48 APM | 3001 actions | 62:47)
5 Warden
3 Shadow Strike
2 Blink
4 Goblin Alchemist
2 Acid Bomb
2 Chemical Rage
3 Pit Lord
2 Howl of Terror
1 Cleaving Attack
» actions
| Assign group hotkey | 7 | |
| Basic commands | 45 | |
| Build / train | 67 | |
| ESC pressed | 4 | |
| Enter build submenu | 21 | |
| Enter hero's abilities submenu | 12 | |
| Give item / drop item | 2 | |
| Right click | 1648 | |
| Select / deselect | 210 | |
| Select group hotkey | 787 | |
| Use ability | 198 | |
3001 total
» units
» upgrades
| Nature's Blessing | 1 | |
| Well Spring | 1 | |
| Ultravision | 1 | |
3 total
» buildings
| Altar of Elders | 2 | |
| Moon Well | 10 | |
| Tree of Life | 6 | |
| Tree of Ages | 1 | |
| Tree of Eternity | 1 | |
| Hunter's Hall | 1 | |
| Ancient of Wonders | 1 | |
22 total
» build order
00:04 Altar of Elders
00:08 Moon Well
03:07 Tree of Life
03:16 Moon Well
04:02 Moon Well
04:03 Moon Well
05:43 Tree of Ages
05:52 Moon Well
08:16 Tree of Life
11:23 Tree of Eternity
12:24 Tree of Life
13:13 Hunter's Hall
13:22 Moon Well
13:22 Moon Well
13:48 Ancient of Wonders
17:34 Tree of Life
17:54 Altar of Elders
21:35 Tree of Life
23:21 Tree of Life
29:33 Moon Well
29:34 Moon Well
29:35 Moon Well
» items
| Lesser Clarity Potion | 3 | |
| Healing Salve | 3 | |
| Scroll of Speed | 1 | |
| Staff of Teleportation | 3 | |
| Boots of Speed | 3 | |
| Orb of Venom | 2 | |
| Staff of Preservation | 2 | |
| Orb of Lightning | 1 | |
18 total
stormsinyuly (
pink | 98 APM | 6141 actions | 62:47)
3 Archmage
2 Summon Water Elemental
1 Brilliance Aura
» actions
| Assign group hotkey | 362 | |
| Basic commands | 19 | |
| Build / train | 769 | |
| ESC pressed | 68 | |
| Enter build submenu | 313 | |
| Enter hero's abilities submenu | 3 | |
| Remove unit from queue | 37 | |
| Right click | 1867 | |
| Select / deselect | 1770 | |
| Select group hotkey | 122 | |
| Use ability | 807 | |
6141 total
» units
» upgrades
| Masonry | 3 | |
| Lumber Harvesting | 2 | |
| Magic Sentry | 1 | |
6 total
» buildings
| Altar of Kings | 3 | |
| Farm | 7 | |
| Lumber Mill | 3 | |
| Scout Tower | 602 | |
| Barracks | 1 | |
| Arcane Tower | 11 | |
| Guard Tower | 552 | |
| Town Hall | 14 | |
| Keep | 3 | |
| Castle | 2 | |
| Arcane Sanctum | 1 | |
1199 total
» build order
00:05 Altar of Kings
00:21 Farm
01:10 Lumber Mill
01:32 Scout Tower
01:46 Barracks
01:49 Scout Tower
01:56 Farm
02:01 Scout Tower
02:01 Scout Tower
02:03 Arcane Tower
02:03 Arcane Tower
02:05 Scout Tower
02:07 Arcane Tower
02:09 Scout Tower
02:11 Scout Tower
02:29 Guard Tower
02:29 Guard Tower
02:38 Guard Tower
02:38 Guard Tower
02:38 Guard Tower
02:38 Guard Tower
02:40 Scout Tower
02:41 Scout Tower
02:55 Guard Tower
03:12 Guard Tower
03:12 Guard Tower
03:34 Guard Tower
03:34 Guard Tower
03:52 Scout Tower
04:31 Guard Tower
04:31 Guard Tower
04:31 Guard Tower
04:35 Scout Tower
05:08 Town Hall
06:38 Town Hall
09:06 Keep
09:13 Town Hall
09:58 Farm
11:16 Farm
11:24 Scout Tower
11:25 Scout Tower
11:30 Scout Tower
11:35 Scout Tower
11:45 Guard Tower
11:46 Guard Tower
11:52 Scout Tower
11:52 Guard Tower
11:52 Guard Tower
11:52 Guard Tower
11:56 Scout Tower
11:57 Scout Tower
11:58 Guard Tower
11:59 Guard Tower
12:06 Scout Tower
12:06 Scout Tower
12:07 Scout Tower
12:25 Guard Tower
12:25 Guard Tower
12:26 Guard Tower
13:00 Guard Tower
13:11 Scout Tower
13:11 Scout Tower
13:30 Guard Tower
13:30 Guard Tower
13:35 Guard Tower
13:36 Guard Tower
13:39 Scout Tower
14:07 Guard Tower
14:08 Scout Tower
14:09 Scout Tower
14:17 Guard Tower
14:17 Guard Tower
14:18 Scout Tower
14:50 Guard Tower
14:51 Guard Tower
15:04 Guard Tower
15:09 Town Hall
15:13 Guard Tower
15:14 Scout Tower
15:27 Scout Tower
15:28 Scout Tower
15:30 Scout Tower
15:31 Scout Tower
15:32 Scout Tower
15:34 Scout Tower
15:35 Scout Tower
15:47 Guard Tower
15:48 Guard Tower
15:49 Scout Tower
15:49 Scout Tower
16:45 Scout Tower
16:46 Scout Tower
16:47 Scout Tower
16:50 Scout Tower
16:51 Scout Tower
16:52 Scout Tower
16:54 Scout Tower
16:55 Scout Tower
16:56 Guard Tower
16:57 Guard Tower
17:01 Guard Tower
17:01 Guard Tower
17:03 Scout Tower
17:04 Scout Tower
17:05 Scout Tower
17:05 Scout Tower
17:06 Scout Tower
17:23 Altar of Kings
17:25 Guard Tower
17:26 Guard Tower
17:43 Guard Tower
17:43 Guard Tower
17:43 Guard Tower
17:46 Guard Tower
17:47 Scout Tower
17:47 Guard Tower
17:48 Guard Tower
17:54 Town Hall
18:36 Scout Tower
18:37 Scout Tower
18:39 Scout Tower
18:39 Scout Tower
18:40 Scout Tower
18:40 Scout Tower
18:40 Scout Tower
18:41 Scout Tower
18:41 Scout Tower
18:50 Guard Tower
18:50 Guard Tower
18:51 Scout Tower
18:53 Scout Tower
18:54 Scout Tower
18:55 Scout Tower
18:58 Scout Tower
18:59 Scout Tower
19:01 Scout Tower
19:02 Scout Tower
19:04 Scout Tower
19:05 Scout Tower
19:07 Scout Tower
19:08 Scout Tower
19:09 Scout Tower
19:14 Guard Tower
19:21 Guard Tower
19:21 Guard Tower
19:22 Scout Tower
19:23 Scout Tower
19:23 Scout Tower
19:24 Scout Tower
19:25 Scout Tower
19:25 Scout Tower
19:26 Scout Tower
19:37 Guard Tower
19:38 Guard Tower
19:44 Guard Tower
19:44 Guard Tower
19:44 Guard Tower
19:54 Scout Tower
19:54 Scout Tower
19:56 Scout Tower
19:57 Scout Tower
19:57 Scout Tower
19:58 Guard Tower
19:58 Guard Tower
19:59 Guard Tower
20:00 Guard Tower
20:04 Scout Tower
20:05 Scout Tower
20:05 Scout Tower
20:09 Guard Tower
20:09 Guard Tower
20:18 Guard Tower
20:18 Guard Tower
20:19 Guard Tower
20:21 Guard Tower
20:21 Guard Tower
20:25 Scout Tower
20:25 Scout Tower
20:26 Scout Tower
20:27 Scout Tower
20:27 Scout Tower
20:27 Scout Tower
20:28 Scout Tower
20:29 Scout Tower
20:30 Scout Tower
20:30 Scout Tower
20:33 Guard Tower
20:33 Guard Tower
20:43 Guard Tower
20:43 Guard Tower
20:44 Guard Tower
20:48 Scout Tower
20:48 Scout Tower
20:49 Scout Tower
20:49 Scout Tower
20:50 Scout Tower
20:50 Scout Tower
20:51 Scout Tower
20:52 Scout Tower
20:52 Scout Tower
20:53 Scout Tower
20:54 Scout Tower
20:54 Scout Tower
20:58 Guard Tower
21:00 Guard Tower
21:00 Guard Tower
21:02 Guard Tower
21:03 Guard Tower
21:16 Guard Tower
21:17 Guard Tower
21:17 Guard Tower
21:17 Guard Tower
21:29 Guard Tower
21:29 Guard Tower
21:29 Guard Tower
21:33 Guard Tower
21:34 Guard Tower
21:37 Guard Tower
21:50 Town Hall
21:56 Scout Tower
21:57 Scout Tower
22:03 Guard Tower
22:10 Scout Tower
22:10 Scout Tower
22:11 Scout Tower
22:11 Scout Tower
22:24 Guard Tower
22:24 Guard Tower
22:29 Guard Tower
22:29 Guard Tower
22:34 Guard Tower
22:34 Guard Tower
22:35 Guard Tower
22:36 Guard Tower
22:36 Guard Tower
22:37 Guard Tower
22:47 Guard Tower
22:47 Guard Tower
22:48 Guard Tower
22:59 Town Hall
23:01 Guard Tower
23:01 Guard Tower
23:03 Scout Tower
23:03 Scout Tower
23:04 Scout Tower
23:05 Scout Tower
23:07 Guard Tower
23:08 Guard Tower
23:08 Guard Tower
23:12 Guard Tower
23:12 Guard Tower
23:16 Scout Tower
23:18 Scout Tower
23:19 Scout Tower
23:19 Scout Tower
23:20 Scout Tower
23:44 Guard Tower
23:45 Guard Tower
23:50 Guard Tower
23:50 Guard Tower
23:50 Guard Tower
24:19 Guard Tower
24:19 Guard Tower
24:42 Town Hall
24:54 Keep
25:01 Scout Tower
25:04 Scout Tower
25:05 Scout Tower
25:05 Scout Tower
25:06 Scout Tower
25:12 Scout Tower
25:13 Scout Tower
25:21 Scout Tower
25:21 Scout Tower
25:22 Scout Tower
25:22 Scout Tower
25:23 Scout Tower
25:23 Scout Tower
25:28 Scout Tower
25:28 Scout Tower
25:29 Scout Tower
25:29 Scout Tower
25:42 Scout Tower
25:43 Scout Tower
25:56 Guard Tower
25:56 Guard Tower
26:00 Guard Tower
26:00 Guard Tower
26:01 Guard Tower
26:03 Scout Tower
26:05 Scout Tower
26:05 Scout Tower
26:06 Scout Tower
26:06 Scout Tower
26:07 Scout Tower
26:08 Guard Tower
26:08 Guard Tower
26:08 Guard Tower
26:20 Guard Tower
26:20 Guard Tower
26:22 Guard Tower
26:23 Guard Tower
26:23 Guard Tower
26:32 Scout Tower
26:32 Scout Tower
26:34 Scout Tower
26:34 Scout Tower
26:35 Scout Tower
26:35 Scout Tower
26:36 Scout Tower
26:43 Guard Tower
26:44 Guard Tower
26:47 Scout Tower
26:47 Scout Tower
26:48 Scout Tower
26:49 Scout Tower
26:49 Scout Tower
26:50 Scout Tower
26:51 Scout Tower
26:52 Scout Tower
26:53 Guard Tower
26:53 Guard Tower
26:53 Guard Tower
27:02 Scout Tower
27:06 Scout Tower
27:15 Guard Tower
27:15 Guard Tower
27:17 Scout Tower
27:18 Scout Tower
27:19 Scout Tower
27:19 Scout Tower
27:20 Scout Tower
27:20 Scout Tower
27:27 Scout Tower
27:27 Scout Tower
27:28 Scout Tower
27:29 Scout Tower
27:29 Scout Tower
27:31 Arcane Tower
27:31 Arcane Tower
27:34 Guard Tower
27:34 Guard Tower
27:41 Guard Tower
27:41 Guard Tower
27:41 Guard Tower
27:49 Arcane Tower
27:50 Arcane Tower
27:55 Altar of Kings
27:58 Guard Tower
28:05 Scout Tower
28:05 Scout Tower
28:06 Scout Tower
28:10 Guard Tower
28:17 Guard Tower
28:17 Guard Tower
28:17 Guard Tower
28:24 Guard Tower
28:24 Guard Tower
28:25 Guard Tower
28:30 Lumber Mill
28:35 Guard Tower
28:36 Guard Tower
28:36 Guard Tower
28:57 Farm
28:57 Farm
28:58 Farm
29:24 Arcane Tower
29:30 Scout Tower
29:32 Scout Tower
29:32 Scout Tower
29:33 Scout Tower
29:34 Scout Tower
29:34 Scout Tower
29:34 Scout Tower
29:35 Scout Tower
29:35 Scout Tower
29:51 Scout Tower
29:51 Scout Tower
29:52 Scout Tower
29:52 Scout Tower
29:53 Scout Tower
29:53 Scout Tower
29:54 Scout Tower
29:55 Scout Tower
29:56 Scout Tower
29:56 Scout Tower
29:58 Scout Tower
29:59 Scout Tower
29:59 Scout Tower
29:59 Scout Tower
30:01 Scout Tower
30:01 Scout Tower
30:02 Scout Tower
30:03 Scout Tower
30:11 Scout Tower
30:11 Scout Tower
30:12 Scout Tower
30:13 Scout Tower
30:14 Scout Tower
30:15 Scout Tower
30:16 Scout Tower
30:16 Scout Tower
30:22 Guard Tower
30:25 Scout Tower
30:26 Scout Tower
30:26 Scout Tower
30:28 Scout Tower
30:29 Scout Tower
30:30 Scout Tower
30:30 Scout Tower
30:31 Scout Tower
30:32 Scout Tower
30:34 Scout Tower
30:34 Scout Tower
30:35 Scout Tower
30:35 Scout Tower
30:36 Scout Tower
30:37 Scout Tower
30:38 Scout Tower
30:38 Scout Tower
30:39 Scout Tower
30:41 Guard Tower
30:41 Guard Tower
30:56 Castle
31:07 Guard Tower
31:09 Guard Tower
31:09 Guard Tower
31:16 Guard Tower
31:17 Guard Tower
31:48 Town Hall
31:51 Scout Tower
31:52 Scout Tower
31:52 Scout Tower
31:53 Scout Tower
31:53 Scout Tower
31:54 Scout Tower
31:55 Scout Tower
31:55 Scout Tower
31:56 Scout Tower
31:57 Scout Tower
31:57 Scout Tower
31:58 Scout Tower
31:59 Scout Tower
31:59 Scout Tower
32:00 Scout Tower
32:00 Scout Tower
32:01 Scout Tower
32:07 Guard Tower
32:07 Guard Tower
32:23 Guard Tower
32:23 Guard Tower
32:35 Guard Tower
32:36 Guard Tower
32:36 Guard Tower
32:55 Scout Tower
32:56 Scout Tower
32:57 Scout Tower
32:58 Scout Tower
32:59 Scout Tower
32:59 Scout Tower
32:59 Scout Tower
33:00 Scout Tower
33:01 Scout Tower
33:01 Scout Tower
33:02 Scout Tower
33:02 Scout Tower
33:08 Guard Tower
33:15 Guard Tower
33:15 Guard Tower
33:22 Town Hall
33:32 Scout Tower
33:33 Scout Tower
33:33 Scout Tower
33:34 Scout Tower
33:35 Scout Tower
33:38 Scout Tower
33:39 Scout Tower
33:40 Scout Tower
33:40 Scout Tower
33:41 Scout Tower
33:43 Scout Tower
33:44 Scout Tower
33:44 Scout Tower
33:45 Scout Tower
33:46 Scout Tower
33:47 Scout Tower
33:47 Scout Tower
33:48 Scout Tower
33:48 Scout Tower
33:50 Town Hall
33:53 Guard Tower
33:54 Guard Tower
33:56 Guard Tower
33:56 Guard Tower
34:02 Guard Tower
34:05 Scout Tower
34:10 Scout Tower
34:10 Scout Tower
34:11 Scout Tower
34:12 Scout Tower
34:13 Scout Tower
34:13 Scout Tower
34:14 Scout Tower
34:15 Scout Tower
34:16 Scout Tower
34:21 Guard Tower
34:21 Guard Tower
34:21 Guard Tower
34:38 Scout Tower
34:40 Guard Tower
34:40 Guard Tower
34:42 Guard Tower
34:42 Guard Tower
34:42 Guard Tower
35:12 Guard Tower
35:14 Scout Tower
35:14 Scout Tower
35:18 Scout Tower
35:18 Scout Tower
35:19 Scout Tower
35:21 Scout Tower
35:22 Scout Tower
35:22 Scout Tower
35:23 Scout Tower
35:23 Scout Tower
35:24 Scout Tower
35:25 Scout Tower
35:25 Scout Tower
35:26 Scout Tower
35:26 Scout Tower
35:27 Scout Tower
35:28 Scout Tower
35:35 Guard Tower
35:35 Guard Tower
35:37 Guard Tower
35:38 Guard Tower
35:49 Guard Tower
35:49 Guard Tower
35:49 Guard Tower
35:51 Guard Tower
35:51 Guard Tower
35:53 Guard Tower
35:54 Guard Tower
35:55 Guard Tower
36:04 Scout Tower
36:09 Guard Tower
36:09 Guard Tower
36:12 Guard Tower
36:12 Guard Tower
36:21 Scout Tower
36:23 Scout Tower
36:24 Scout Tower
36:35 Guard Tower
36:35 Guard Tower
36:40 Scout Tower
36:41 Scout Tower
36:41 Scout Tower
36:42 Scout Tower
36:43 Scout Tower
36:43 Scout Tower
36:50 Guard Tower
36:50 Guard Tower
36:52 Scout Tower
36:53 Scout Tower
36:53 Scout Tower
36:54 Scout Tower
36:55 Scout Tower
36:56 Scout Tower
36:58 Scout Tower
37:09 Guard Tower
37:10 Guard Tower
37:11 Guard Tower
37:11 Guard Tower
37:15 Scout Tower
37:15 Scout Tower
37:15 Scout Tower
37:16 Scout Tower
37:17 Scout Tower
37:18 Scout Tower
37:22 Guard Tower
37:23 Guard Tower
37:23 Guard Tower
37:28 Guard Tower
37:34 Guard Tower
37:35 Guard Tower
37:35 Guard Tower
37:42 Guard Tower
37:42 Guard Tower
37:43 Guard Tower
37:43 Guard Tower
37:45 Guard Tower
37:45 Guard Tower
37:46 Guard Tower
37:47 Guard Tower
37:50 Scout Tower
37:50 Scout Tower
37:52 Scout Tower
37:52 Scout Tower
37:53 Scout Tower
37:53 Scout Tower
37:54 Guard Tower
37:54 Guard Tower
37:57 Scout Tower
37:58 Scout Tower
37:58 Scout Tower
37:59 Scout Tower
38:00 Scout Tower
38:00 Scout Tower
38:06 Guard Tower
38:17 Arcane Tower
38:30 Guard Tower
38:31 Guard Tower
38:35 Guard Tower
38:35 Guard Tower
38:38 Arcane Sanctum
38:45 Guard Tower
38:45 Guard Tower
38:48 Guard Tower
38:48 Guard Tower
39:01 Town Hall
39:03 Guard Tower
39:04 Guard Tower
39:04 Guard Tower
39:28 Guard Tower
39:28 Guard Tower
40:34 Scout Tower
40:35 Scout Tower
40:36 Scout Tower
40:37 Scout Tower
40:39 Scout Tower
40:39 Scout Tower
40:40 Scout Tower
40:54 Scout Tower
40:54 Scout Tower
40:55 Scout Tower
40:56 Scout Tower
40:56 Scout Tower
40:58 Scout Tower
41:04 Scout Tower
41:05 Scout Tower
41:05 Scout Tower
41:06 Scout Tower
41:07 Scout Tower
41:07 Scout Tower
41:26 Guard Tower
41:26 Guard Tower
41:40 Guard Tower
41:41 Guard Tower
41:59 Guard Tower
41:59 Guard Tower
42:03 Scout Tower
42:03 Scout Tower
42:04 Scout Tower
42:05 Scout Tower
42:05 Scout Tower
42:06 Scout Tower
42:07 Guard Tower
42:07 Guard Tower
42:07 Guard Tower
42:10 Guard Tower
42:23 Scout Tower
42:23 Scout Tower
42:24 Scout Tower
42:25 Scout Tower
42:25 Scout Tower
42:26 Scout Tower
42:26 Guard Tower
42:27 Guard Tower
42:34 Guard Tower
42:34 Guard Tower
42:36 Guard Tower
42:36 Guard Tower
42:43 Guard Tower
42:49 Scout Tower
42:50 Scout Tower
42:51 Scout Tower
42:52 Scout Tower
42:53 Scout Tower
42:54 Scout Tower
42:55 Scout Tower
42:56 Scout Tower
42:59 Scout Tower
43:00 Scout Tower
43:01 Scout Tower
43:02 Scout Tower
43:03 Scout Tower
43:04 Guard Tower
43:10 Guard Tower
43:11 Guard Tower
43:11 Guard Tower
43:11 Guard Tower
43:12 Guard Tower
43:24 Guard Tower
43:24 Guard Tower
43:24 Guard Tower
43:48 Guard Tower
43:48 Guard Tower
43:50 Guard Tower
43:57 Scout Tower
43:57 Scout Tower
43:58 Scout Tower
43:58 Scout Tower
43:59 Scout Tower
44:00 Scout Tower
44:20 Guard Tower
44:20 Guard Tower
44:22 Guard Tower
44:22 Guard Tower
44:23 Scout Tower
44:24 Scout Tower
44:25 Scout Tower
44:26 Scout Tower
44:26 Scout Tower
44:28 Guard Tower
44:28 Guard Tower
44:29 Guard Tower
44:30 Guard Tower
44:48 Scout Tower
44:55 Scout Tower
44:55 Scout Tower
44:56 Scout Tower
44:56 Scout Tower
44:57 Scout Tower
44:57 Scout Tower
44:58 Scout Tower
45:04 Guard Tower
45:04 Guard Tower
45:07 Guard Tower
45:08 Guard Tower
45:24 Scout Tower
45:26 Scout Tower
45:26 Scout Tower
45:34 Scout Tower
45:34 Scout Tower
45:35 Scout Tower
45:36 Scout Tower
45:40 Guard Tower
45:42 Scout Tower
45:42 Scout Tower
45:43 Scout Tower
45:44 Scout Tower
45:44 Scout Tower
45:45 Scout Tower
45:47 Scout Tower
45:50 Scout Tower
45:51 Scout Tower
45:52 Scout Tower
46:19 Guard Tower
46:20 Guard Tower
46:21 Scout Tower
46:22 Scout Tower
46:22 Scout Tower
46:23 Scout Tower
46:43 Guard Tower
46:43 Guard Tower
46:54 Guard Tower
46:55 Guard Tower
47:01 Guard Tower
47:09 Scout Tower
47:10 Scout Tower
47:11 Scout Tower
47:15 Scout Tower
47:21 Guard Tower
47:21 Guard Tower
47:28 Scout Tower
47:29 Scout Tower
47:30 Scout Tower
47:30 Scout Tower
47:31 Scout Tower
47:31 Scout Tower
47:37 Town Hall
47:42 Scout Tower
47:42 Scout Tower
47:43 Scout Tower
47:43 Scout Tower
47:44 Scout Tower
47:51 Guard Tower
47:52 Guard Tower
47:58 Scout Tower
47:58 Scout Tower
47:59 Scout Tower
48:16 Scout Tower
48:16 Scout Tower
48:16 Scout Tower
48:21 Guard Tower
48:21 Guard Tower
48:23 Scout Tower
48:23 Scout Tower
48:24 Scout Tower
48:25 Scout Tower
48:25 Scout Tower
48:26 Scout Tower
48:33 Guard Tower
48:41 Guard Tower
48:41 Guard Tower
48:41 Guard Tower
48:44 Guard Tower
48:45 Guard Tower
48:45 Guard Tower
48:46 Guard Tower
48:46 Guard Tower
48:55 Scout Tower
48:55 Scout Tower
48:56 Scout Tower
48:57 Scout Tower
49:00 Guard Tower
49:00 Guard Tower
49:01 Guard Tower
49:01 Guard Tower
49:22 Guard Tower
49:23 Guard Tower
49:34 Guard Tower
49:36 Scout Tower
49:36 Scout Tower
49:37 Scout Tower
49:39 Scout Tower
50:08 Guard Tower
50:09 Guard Tower
50:09 Guard Tower
50:10 Guard Tower
50:13 Scout Tower
50:14 Scout Tower
50:14 Scout Tower
50:15 Scout Tower
50:23 Guard Tower
50:23 Guard Tower
50:31 Guard Tower
50:31 Guard Tower
50:34 Scout Tower
50:35 Scout Tower
50:35 Scout Tower
50:36 Scout Tower
50:42 Guard Tower
50:44 Scout Tower
51:03 Guard Tower
51:03 Guard Tower
51:04 Scout Tower
51:05 Scout Tower
51:06 Scout Tower
51:06 Scout Tower
51:08 Guard Tower
51:23 Guard Tower
51:23 Guard Tower
51:43 Guard Tower
51:43 Guard Tower
51:44 Guard Tower
51:46 Scout Tower
51:46 Scout Tower
51:47 Scout Tower
51:48 Scout Tower
51:49 Scout Tower
51:50 Scout Tower
51:58 Scout Tower
51:58 Scout Tower
51:59 Scout Tower
51:59 Scout Tower
52:03 Scout Tower
52:24 Scout Tower
52:25 Scout Tower
52:26 Scout Tower
52:33 Guard Tower
52:34 Guard Tower
52:36 Scout Tower
52:37 Guard Tower
52:37 Guard Tower
52:39 Scout Tower
52:40 Scout Tower
52:40 Scout Tower
52:40 Scout Tower
52:45 Scout Tower
52:46 Scout Tower
52:49 Scout Tower
52:56 Guard Tower
52:56 Guard Tower
52:58 Scout Tower
52:59 Scout Tower
52:59 Scout Tower
53:01 Scout Tower
53:02 Scout Tower
53:02 Scout Tower
53:03 Scout Tower
53:04 Guard Tower
53:04 Guard Tower
53:17 Guard Tower
53:17 Guard Tower
53:17 Guard Tower
53:26 Guard Tower
53:26 Guard Tower
53:28 Scout Tower
53:29 Scout Tower
53:29 Scout Tower
53:35 Guard Tower
53:37 Scout Tower
53:37 Scout Tower
53:38 Scout Tower
53:38 Scout Tower
53:40 Scout Tower
53:40 Scout Tower
53:41 Scout Tower
53:41 Scout Tower
53:44 Guard Tower
53:45 Guard Tower
53:49 Guard Tower
53:49 Guard Tower
54:15 Guard Tower
54:15 Guard Tower
54:16 Guard Tower
54:17 Guard Tower
54:19 Scout Tower
54:20 Scout Tower
54:20 Scout Tower
54:21 Scout Tower
54:22 Guard Tower
54:23 Guard Tower
54:23 Guard Tower
54:26 Guard Tower
54:27 Guard Tower
54:27 Guard Tower
54:48 Guard Tower
54:48 Guard Tower
54:49 Guard Tower
54:52 Scout Tower
54:53 Scout Tower
54:54 Scout Tower
54:54 Scout Tower
54:58 Guard Tower
54:58 Guard Tower
55:01 Scout Tower
55:01 Scout Tower
55:02 Scout Tower
55:02 Scout Tower
55:04 Scout Tower
55:04 Scout Tower
55:05 Scout Tower
55:05 Scout Tower
55:12 Guard Tower
55:12 Guard Tower
55:16 Scout Tower
55:16 Scout Tower
55:17 Scout Tower
55:18 Scout Tower
55:18 Scout Tower
55:26 Town Hall
55:37 Guard Tower
55:38 Guard Tower
55:41 Scout Tower
55:42 Scout Tower
55:42 Scout Tower
55:43 Scout Tower
55:44 Guard Tower
55:44 Guard Tower
55:46 Scout Tower
55:46 Scout Tower
55:47 Scout Tower
55:48 Scout Tower
55:49 Guard Tower
55:54 Guard Tower
55:54 Guard Tower
55:54 Guard Tower
55:58 Guard Tower
55:58 Guard Tower
56:01 Guard Tower
56:02 Guard Tower
56:07 Guard Tower
56:07 Guard Tower
56:09 Scout Tower
56:10 Scout Tower
56:10 Scout Tower
56:12 Scout Tower
56:13 Scout Tower
56:13 Scout Tower
56:14 Scout Tower
56:23 Guard Tower
56:23 Guard Tower
56:25 Scout Tower
56:26 Scout Tower
56:28 Scout Tower
56:30 Scout Tower
56:31 Scout Tower
56:32 Guard Tower
56:32 Guard Tower
56:36 Scout Tower
56:37 Scout Tower
56:38 Scout Tower
56:38 Scout Tower
56:39 Guard Tower
56:48 Lumber Mill
56:50 Guard Tower
56:52 Scout Tower
56:53 Scout Tower
56:57 Scout Tower
56:58 Guard Tower
56:58 Guard Tower
57:00 Scout Tower
57:02 Scout Tower
57:04 Scout Tower
57:05 Scout Tower
57:05 Scout Tower
57:06 Scout Tower
57:07 Guard Tower
57:07 Guard Tower
57:25 Guard Tower
57:25 Guard Tower
57:27 Guard Tower
57:27 Guard Tower
57:28 Guard Tower
57:33 Guard Tower
57:34 Guard Tower
57:46 Guard Tower
57:47 Guard Tower
57:51 Scout Tower
57:52 Scout Tower
57:54 Scout Tower
57:54 Scout Tower
58:06 Guard Tower
58:11 Guard Tower
58:12 Guard Tower
58:12 Guard Tower
58:39 Scout Tower
58:42 Scout Tower
58:42 Scout Tower
58:43 Scout Tower
58:43 Scout Tower
61:12 Scout Tower
61:14 Scout Tower
61:14 Scout Tower
61:15 Scout Tower
61:23 Scout Tower
61:25 Scout Tower
61:25 Scout Tower
61:26 Scout Tower
61:29 Scout Tower
61:30 Scout Tower
61:57 Guard Tower
62:00 Scout Tower
62:01 Scout Tower
62:02 Scout Tower
62:03 Scout Tower
62:04 Scout Tower
62:04 Scout Tower
62:21 Guard Tower
62:23 Scout Tower
62:24 Scout Tower
62:24 Scout Tower
62:25 Scout Tower
team 2 (loser)
6aTbKa-MaXHo (
orange | 61 APM | 3806 actions | 61:56)
8 Blademaster
3 Wind Walk
3 Critical Strike
1 Bladestorm
1 Mirror Image
1 Lich
1 Frost Nova
» actions
| Basic commands | 52 | |
| Build / train | 81 | |
| Enter build submenu | 59 | |
| Enter hero's abilities submenu | 10 | |
| Give item / drop item | 3 | |
| Remove unit from queue | 1 | |
| Right click | 2535 | |
| Select / deselect | 903 | |
| Use ability | 161 | |
3806 total
» units
| Peon | 34 | |
| Grunt | 2 | |
| Troll Batrider | 9 | |
| Demolisher | 5 | |
50 total
» upgrades
| Ranged Weapons | 2 | |
| Burning Oil | 1 | |
| Reinforced Defenses | 1 | |
| Troll Regeneration | 1 | |
5 total
» buildings
| Barracks | 3 | |
| Orc Burrow | 10 | |
| Altar of Storms | 2 | |
| Voodoo Lounge | 1 | |
| Great Hall | 4 | |
| War Mill | 1 | |
| Watch Tower | 26 | |
| Stronghold | 1 | |
| Beastiary | 2 | |
| Fortress | 1 | |
51 total
» build order
00:08 Barracks
00:21 Orc Burrow
00:36 Altar of Storms
00:59 Orc Burrow
01:26 Orc Burrow
01:33 Orc Burrow
02:01 Orc Burrow
04:03 Voodoo Lounge
04:56 Orc Burrow
06:48 Great Hall
10:42 War Mill
13:27 Watch Tower
13:45 Watch Tower
13:51 Watch Tower
15:13 Watch Tower
18:12 Stronghold
20:13 Watch Tower
20:15 Watch Tower
21:38 Beastiary
21:40 Beastiary
25:34 Altar of Storms
26:00 Orc Burrow
29:01 Great Hall
29:04 Watch Tower
29:12 Watch Tower
29:14 Watch Tower
29:16 Watch Tower
30:31 Watch Tower
30:33 Watch Tower
41:25 Great Hall
44:01 Watch Tower
44:02 Watch Tower
44:10 Watch Tower
44:12 Watch Tower
44:42 Watch Tower
44:50 Great Hall
48:04 Watch Tower
48:06 Watch Tower
48:09 Watch Tower
48:15 Watch Tower
48:17 Watch Tower
48:40 Watch Tower
50:28 Watch Tower
50:46 Barracks
50:50 Barracks
53:02 Fortress
53:31 Orc Burrow
53:33 Orc Burrow
55:03 Orc Burrow
59:06 Watch Tower
59:07 Watch Tower
» items
| Dust of Appearance | 3 | |
| Potion of Lesser Invulnerability | 3 | |
| Lesser Clarity Potion | 2 | |
| Boots of Speed | 1 | |
| Staff of Teleportation | 1 | |
| Healing Salve | 1 | |
| Orb of Corruption | 1 | |
12 total
Lokomotiv_fan (
teal | 84 APM | 5198 actions | 61:34)
5 Death Knight
3 Death Coil
2 Unholy Aura
3 Lich
2 Dark Ritual
1 Frost Nova
» actions
| Assign group hotkey | 84 | |
| Basic commands | 237 | |
| Build / train | 100 | |
| ESC pressed | 6 | |
| Enter build submenu | 59 | |
| Enter hero's abilities submenu | 11 | |
| Right click | 2571 | |
| Select / deselect | 716 | |
| Select group hotkey | 1165 | |
| Use ability | 248 | |
5198 total
» units
| Acolyte | 30 | |
| Ghoul | 6 | |
| Crypt Fiend | 14 | |
| Obsidian Statue | 9 | |
| Meatwagon | 7 | |
66 total
» upgrades
| Burrow | 1 | |
| Destroyer Form | 1 | |
| Web | 1 | |
| Creature Attack | 1 | |
4 total
» buildings
| Crypt | 5 | |
| Graveyard | 3 | |
| Altar of Darkness | 3 | |
| Ziggurat | 23 | |
| Tomb of Relics | 2 | |
| Nerubian Tower | 3 | |
| Halls of the Dead | 3 | |
| Black Citadel | 1 | |
| Slaughterhouse | 4 | |
| Necropolis | 3 | |
| Spirit Tower | 2 | |
| Sacrificial Pit | 1 | |
53 total
» build order
00:06 Crypt
00:07 Graveyard
00:41 Altar of Darkness
00:56 Ziggurat
01:22 Tomb of Relics
01:59 Ziggurat
02:35 Nerubian Tower
03:32 Halls of the Dead
04:56 Ziggurat
06:22 Black Citadel
07:11 Slaughterhouse
08:36 Ziggurat
08:55 Slaughterhouse
11:39 Ziggurat
11:40 Ziggurat
17:20 Necropolis
21:52 Necropolis
23:10 Ziggurat
26:30 Ziggurat
28:44 Crypt
28:45 Crypt
28:47 Altar of Darkness
28:48 Ziggurat
29:03 Ziggurat
29:30 Graveyard
29:33 Nerubian Tower
29:36 Halls of the Dead
33:40 Necropolis
35:01 Altar of Darkness
35:03 Ziggurat
36:39 Nerubian Tower
37:23 Crypt
37:30 Ziggurat
38:16 Graveyard
38:18 Crypt
38:56 Ziggurat
39:01 Ziggurat
41:32 Tomb of Relics
41:37 Ziggurat
41:38 Ziggurat
44:30 Spirit Tower
44:39 Ziggurat
45:17 Ziggurat
45:18 Ziggurat
45:26 Halls of the Dead
47:04 Spirit Tower
49:24 Ziggurat
49:25 Ziggurat
50:52 Slaughterhouse
50:54 Slaughterhouse
51:04 Sacrificial Pit
57:22 Ziggurat
57:23 Ziggurat
» items
| Rod of Necromancy | 2 | |
| Scroll of Town Portal | 2 | |
| Potion of Healing | 2 | |
| Potion of Mana | 1 | |
| Scroll of Healing | 1 | |
| Potion of Lesser Invulnerability | 1 | |
| Orb of Corruption | 1 | |
10 total
RUS_10 (
red | 106 APM | 6506 actions | 61:32)
7 Death Knight
3 Death Coil
3 Unholy Aura
1 Animate Dead
6 Lich
3 Frost Nova
2 Frost Armor
1 Death and Decay
6 Crypt Lord
3 Impale
2 Spiked Carapace
1 Locust Swarm
» actions
| Assign group hotkey | 40 | |
| Build / train | 108 | |
| ESC pressed | 2 | |
| Enter build submenu | 19 | |
| Enter hero's abilities submenu | 21 | |
| Give item / drop item | 14 | |
| Remove unit from queue | 1 | |
| Right click | 3562 | |
| Select / deselect | 838 | |
| Select group hotkey | 1642 | |
| Use ability | 259 | |
6506 total
» units
| Acolyte | 24 | |
| Ghoul | 5 | |
| Crypt Fiend | 15 | |
| Frost Wyrm | 1 | |
| Obsidian Statue | 2 | |
47 total
» upgrades
| Creature Attack | 3 | |
| Web | 1 | |
| Creature Carapace | 3 | |
| Ghoul Frenzy | 1 | |
| Burrow | 1 | |
| Freezing Breath | 1 | |
10 total
» buildings
| Crypt | 1 | |
| Graveyard | 1 | |
| Altar of Darkness | 1 | |
| Ziggurat | 11 | |
| Tomb of Relics | 1 | |
| Halls of the Dead | 1 | |
| Sacrificial Pit | 1 | |
| Nerubian Tower | 1 | |
| Black Citadel | 1 | |
| Boneyard | 2 | |
| Necropolis | 2 | |
| Spirit Tower | 6 | |
| Slaughterhouse | 1 | |
30 total
» build order
00:17 Crypt
00:19 Graveyard
00:42 Altar of Darkness
00:47 Ziggurat
01:15 Tomb of Relics
02:14 Ziggurat
04:28 Halls of the Dead
05:43 Ziggurat
05:43 Ziggurat
08:30 Sacrificial Pit
08:34 Nerubian Tower
09:50 Black Citadel
12:11 Boneyard
12:11 Boneyard
16:45 Ziggurat
16:46 Ziggurat
18:51 Necropolis
19:32 Ziggurat
19:32 Ziggurat
19:33 Ziggurat
20:48 Spirit Tower
20:51 Ziggurat
20:52 Ziggurat
21:46 Spirit Tower
21:47 Spirit Tower
21:50 Spirit Tower
22:42 Spirit Tower
22:45 Spirit Tower
26:07 Necropolis
35:16 Slaughterhouse
» items
| Rod of Necromancy | 4 | |
| Dust of Appearance | 3 | |
| Scroll of Town Portal | 3 | |
| Potion of Mana | 2 | |
| Potion of Healing | 1 | |
| Orb of Corruption | 1 | |
| Scroll of Protection | 1 | |
| Scroll of Healing | 2 | |
| Potion of Lesser Invulnerability | 2 | |
19 total
Smok-e-R (
green | 64 APM | 4005 actions | 62:46)
6 Demon Hunter
3 Mana Burn
2 Evasion
1 Metamorphosis
5 Pandaren Brewmaster
3 Breath of Fire
2 Drunken Haze
» actions
| Assign group hotkey | 123 | |
| Basic commands | 113 | |
| Build / train | 133 | |
| Enter build submenu | 45 | |
| Enter hero's abilities submenu | 12 | |
| Give item / drop item | 8 | |
| Remove unit from queue | 6 | |
| Right click | 2042 | |
| Select / deselect | 702 | |
| Select group hotkey | 666 | |
| Use ability | 155 | |
4005 total
» units
| Wisp | 67 | |
| Huntress | 4 | |
| Dryad | 17 | |
| Druid of the Claw | 3 | |
91 total
» upgrades
| Abolish Magic | 2 | |
| Druid of the Claw Training | 2 | |
| Strength of the Wild | 1 | |
| Nature's Blessing | 1 | |
| Reinforced Hides | 1 | |
| Ultravision | 1 | |
8 total
» buildings
| Altar of Elders | 1 | |
| Moon Well | 9 | |
| Ancient of War | 1 | |
| Hunter's Hall | 2 | |
| Tree of Ages | 3 | |
| Ancient of Wonders | 1 | |
| Ancient of Lore | 2 | |
| Tree of Eternity | 1 | |
| Ancient of Wind | 1 | |
| Tree of Life | 6 | |
| Ancient Protector | 14 | |
41 total
» build order
00:07 Altar of Elders
00:19 Moon Well
01:52 Ancient of War
02:40 Hunter's Hall
02:43 Moon Well
03:32 Tree of Ages
03:32 Tree of Ages
04:05 Moon Well
05:44 Ancient of Wonders
06:24 Ancient of Lore
06:27 Ancient of Lore
07:44 Tree of Eternity
10:24 Moon Well
10:58 Moon Well
13:15 Moon Well
15:58 Ancient of Wind
16:16 Tree of Life
16:47 Ancient Protector
17:47 Tree of Life
19:05 Ancient Protector
23:38 Tree of Life
23:42 Ancient Protector
25:35 Tree of Life
28:54 Ancient Protector
29:42 Ancient Protector
29:46 Ancient Protector
30:40 Ancient Protector
32:13 Moon Well
34:57 Tree of Life
34:59 Ancient Protector
38:03 Ancient Protector
38:04 Ancient Protector
48:37 Tree of Life
49:08 Hunter's Hall
51:05 Ancient Protector
51:26 Ancient Protector
51:27 Ancient Protector
51:29 Ancient Protector
52:14 Moon Well
52:18 Moon Well
» items
| Dust of Appearance | 1 | |
| Potion of Healing | 1 | |
| Staff of Preservation | 1 | |
| Scroll of Town Portal | 1 | |
| Potion of Lesser Invulnerability | 1 | |
| Orb of Corruption | 1 | |
6 total
Chat log
(04:08 / Allies) stormsinyuly: i want this base
(04:17 / Allies) stormsinyuly: its mine asshole
(06:52 / Allies) stormsinyuly: manner moonwell
(07:51 / Allies) stormsinyuly: any lum?
(09:25 / Allies) stormsinyuly: mad high ud heroes soon
(09:47 / Allies) stormsinyuly: can we ?
(10:08 / All) DOGSANDHORSE.RU: haha lol
(18:12 / Allies) stormsinyuly: bdragoons
(18:16 / Allies) DOGSANDHORSE.RU: 200g
(18:17 / Allies) DOGSANDHORSE.RU: please
(19:39 / Allies) stormsinyuly: i need gold
(20:12 / Allies) stormsinyuly: lum ?
(21:06 / Allies) stormsinyuly: i need more lumber
(21:22 / All) DOGSANDHORSE.RU: good play green
(22:27 / Allies) stormsinyuly: i need more lum XD
(22:38 / Allies) stormsinyuly: andddd gold
(25:45 / Allies) stormsinyuly: this ud
(25:48 / Allies) stormsinyuly: been on my grill
(25:49 / Allies) stormsinyuly: all game
(26:54 / Allies) stormsinyuly: okay
(28:21 / All) MyLiege_Cyrus: moscow
(28:22 / Allies) stormsinyuly: all your resources to the M please
(28:24 / All) MyLiege_Cyrus: pretty overrated city
(29:04 / Allies) stormsinyuly: nice
(29:04 / Allies) stormsinyuly: timg
(29:07 / All) DOGSANDHORSE.RU: NTRY
(29:59 / All) DOGSANDHORSE.RU: leav
(30:06 / All) DOGSANDHORSE.RU: do you remember blitzkrieg
(31:09 / All) DOGSANDHORSE.RU: bye
(31:14 / All) DOGSANDHORSE.RU: you love trains??
(31:18 / All) DOGSANDHORSE.RU: how about this train i run on iu
(31:23 / Allies) stormsinyuly: lol
(34:48 / Allies) stormsinyuly: aaa bladestorm
(38:39 / Allies) stormsinyuly: fine
(38:51 / Allies) stormsinyuly: lum
(42:31 / Allies) stormsinyuly: gg manual
(48:04 / Allies) stormsinyuly: they guarding that
(48:07 / Allies) stormsinyuly: my towers cant approach
(51:30 / All) stormsinyuly: can you feel
(51:37 / All) stormsinyuly: the towers
(51:40 / All) stormsinyuly: they are constricting u
(52:18 / Allies) stormsinyuly: dnd :((
(54:29 / Allies) stormsinyuly: what the...
(54:30 / Allies) stormsinyuly: siege??
(54:42 / Allies) stormsinyuly: thats bullshit
(56:00 / Allies) stormsinyuly: lmk if you want gold
(59:28 / Allies) stormsinyuly: dnddd
(60:40 / Allies) stormsinyuly: huh
(61:35 / All) DOGSANDHORSE.RU: BYE
(61:54 / Allies) stormsinyuly: way to make units noobs
(61:59 / Allies) DOGSANDHORSE.RU: sorry to disappoint
(62:41 / All) DOGSANDHORSE.RU: Sinjo
(62:43 / All) DOGSANDHORSE.RU: your time is now